AoeStats
← TotillaTheHun

Oasis

509777250Analyzed
2v2 RM · 3d ago on Sep 28, 2026· 47m 8s· 4 players
Game mode
Random Map
Map size
Medium (4 player)
Population
200
Speed
Normal
Resources
Standard
Victory
Conquest
Starting age
Dark Age
Ending age
Imperial Age
RankedLock teamsTeams togetherTeam positionsShared explorationLock speedFull tech treeHidden civsTurbo modeCheats
Victory
Defeat
🇧🇷 Dravidians · Brazil
1123
+17
🇧🇷 Italians · Brazil
1099
+19
🇺🇸 Varangians · United States
1154
-18
🇺🇸 Saxons · United States
1146
-18
Bélga
5:20 Loom
11:38 Feudal Age
17:29 Castle Age
17:48 Pikeman
18:41 Fletching
19:05 Forging
22:30 Double-Bit Axe
23:28 Wheelbarrow
25:18 Horse Collar
26:08 Bow Saw
26:14 Gold Mining
29:04 Hand Cart
29:45 Stone Mining
32:13 Ballistics
31:50 Bodkin Arrow
32:56 Fortified Wall
36:47 Imperial Age
35:00 Padded Archer Armor
36:38 Leather Archer Armor
37:00 Thumb Ring
37:12 Squires
38:32 Chemistry
37:03 Elite Elephant Archer
38:18 Elite Elephant Archer
39:24 Conscription
41:24 Bracer
41:56 Ring Archer Armor
41:32 Caravan
BorNouT
0:40 Loom
12:36 Feudal Age
14:09 Double-Bit Axe
16:26 Castle Age
17:39 Bow Saw
17:11 Horse Collar
19:21 Stone Mining
25:06 Wheelbarrow
24:35 Gold Mining
30:15 Imperial Age
28:22 Ballistics
28:25 Heavy Plow
28:19 Fletching
28:30 Padded Archer Armor
29:33 Hand Cart
29:59 Town Watch
30:36 Bodkin Arrow
30:19 Elite Genoese Crossbowman
31:22 Conscription
33:00 Chemistry
31:41 Treadmill Crane
32:42 Stone Shaft Mining
33:10 Two-Man Saw
32:45 Pirotechnia
33:13 Hoardings
32:48 Bracer
33:03 Leather Archer Armor
37:28 Thumb Ring
38:13 Elite Skirmisher
39:28 Ring Archer Armor
39:38 Silk Road
39:30 Caravan
42:15 Scale Barding Armor
45:18 Chain Barding Armor
Silk Towers
7:56 Loom
9:41 Feudal Age
14:25 Castle Age
12:57 Double-Bit Axe
13:15 Horse Collar
20:48 Bow Saw
22:05 Wheelbarrow
21:40 Scale Mail Armor
23:05 Chain Mail Armor
26:17 Heavy Plow
26:18 Gambesons
26:35 Squires
26:22 Arson
30:46 Imperial Age
28:02 Town Watch
30:49 Elite Varangian Guard
31:09 Capped Ram
32:12 Hand Cart
32:13 Siege Ram
35:00 Forging
35:06 Gold Mining
35:56 Plate Mail Armor
36:20 Shield Wall
36:22 Elite Hearth Troop
37:43 Gold Shaft Mining
38:12 Iron Casting
37:56 Padded Archer Armor
39:17 Conscription
38:25 Elite Skirmisher
38:59 Fletching
44:36 Hoardings
45:34 Bodkin Arrow
46:27 Bracer
46:43 Leather Archer Armor
TotillaTheHun
9:56 Feudal Age
10:02 Loom
14:18 Castle Age
13:15 Double-Bit Axe
17:03 Forging
20:13 Town Watch
20:24 Fletching
21:22 Padded Archer Armor
22:57 Elite Skirmisher
25:00 Stone Mining
28:37 Wheelbarrow
30:37 Horse Collar
32:26 Bloodlines
32:16 Husbandry
33:13 Iron Casting
33:06 Bow Saw
34:27 Scale Barding Armor
37:36 Imperial Age
35:54 Chain Barding Armor
37:50 Gold Mining
38:00 Capped Ram
39:09 Conscription
39:42 Hand Cart
39:30 Town Patrol
39:12 Vendel Legacy
40:21 Heavy Plow
40:43 Siege Ram
41:51 Siege Engineers
42:03 Masonry
43:06 Plate Barding Armor
43:43 Blast Furnace
44:47 Chemistry
44:17 Architecture
45:08 Elite Jarl
Connection lost

Rejoining the realm…

Still unreachable

The connection could not be restored.

Session expired

The server has moved on; the page needs a fresh start.